 Dungeon Crawl Stone Soup version 0.27-a0-1579-g97d2440184 (webtiles) character file.

Game seed: 11817232466049244642

1339 dolemite99 the Slinger (level 8, -2/96 HPs)
             Began as a Gnoll Hunter on July 17, 2021.
             Was an Initiate of Gozag.
             Slain by an orc warrior (12 damage)
             ... on level 6 of the Dungeon.
             The game lasted 00:07:20 (7776 turns).

dolemite99 the Slinger (Gnoll Hunter)               Turns: 7776, Time: 00:07:21

Health: -2/96      AC: 24    Str: 13    XL:     8   Next: 61%
Magic:  13/13      EV:  2    Int: 10    God:    Gozag
Gold:   395        SH:  0    Dex: 14    Spells: 13/13 levels left

rFire    . . .     SeeInvis .   a - +1 hunting sling
rCold    . . .     Faith    .   (no shield)
rNeg     + + +     Spirit   .   (armour currently unavailable)
rPois    +         Reflect  .   (helmet currently unavailable)
rElec    .         Harm     .   (cloak currently unavailable)
rCorr    .         Rampage  .   (gloves currently unavailable)
Will     .....     NoTele   +   (boots currently unavailable)
Stlth    +++.......             (no amulet)
HPRegen  0.26/turn              (no ring)
MPRegen  0.13/turn              (no ring)

@: tree-form, attractive
A: stationary, stasis, torment immunity, boosted hp, (fangs 1), strong nose,
distributed training
a: Renounce Religion, Potion Petition, Call Merchant, Bribe Branch


You were on level 6 of the Dungeon.
You worshipped Gozag.
Gozag was aware of your devotion.
You were a tree.
You visited 1 branch of the dungeon, and saw 7 of its levels.

You collected 669 gold pieces.
You paid 274 gold pieces to Gozag.

Inventory:

Hand Weapons
 a - a +1 hunting sling (weapon)
 b - a +0 rapier
 e - a +0 dagger of holy wrath
 g - a +0 dire flail
 m - a +0 short sword
Missiles
 d - 35 sling bullets
 j - 85 stones (quivered ammo)
 q - 34 poisoned darts
 v - 6 javelins
Armour
 c - a +0 leather armour
 i - a +0 helmet (melded)
 k - a +0 scale mail
 s - the +5 ring mail "Fec Ran" (melded) {Int+3}
   (You took it off a hobgoblin on level 4 of the Dungeon)

   Int:       It affects your intelligence (+3).
Jewellery
 u - an amulet of faith
Scrolls
 o - a scroll of teleportation
Potions
 f - a potion of brilliance
 h - a potion of flight
 r - a potion of degeneration {unknown}
 t - 2 potions of curing {unknown}


   Skills:
 + Level 5.8 Fighting
 + Level 3.4 Short Blades
 + Level 3.4 Long Blades
 + Level 3.4 Axes
 + Level 3.4 Maces & Flails
 + Level 3.4 Polearms
 + Level 3.4 Staves
 + Level 9.2 Slings
 + Level 3.4 Bows
 + Level 3.4 Crossbows
 + Level 3.4 Throwing
 + Level 3.4 Armour
 + Level 5.8 Dodging
 + Level 4.2 Stealth
 + Level 3.4 Shields
 + Level 3.4 Unarmed Combat
 + Level 3.4 Spellcasting
 + Level 2.8 Conjurations
 + Level 2.8 Hexes
 + Level 2.8 Summonings
 + Level 2.8 Necromancy
 + Level 2.8 Translocations
 + Level 2.8 Transmutations
 + Level 2.8 Fire Magic
 + Level 2.8 Ice Magic
 + Level 2.8 Air Magic
 + Level 2.8 Earth Magic
 + Level 2.8 Poison Magic
 + Level 3.8 Invocations
 + Level 3.4 Evocations


You had 13 spell levels left.
You didn't know any spells.
Your spell library contained the following spells:

 Spells                   Type           Power      Damage    Failure   Level
 Inner Flame              Hex/Fire       7%         N/A       26%         3
 Cause Fear               Hex            3%         N/A       63%         4
 Discord                  Hex            3%         N/A       100%        8


Dungeon Overview and Level Annotations

Branches:
Dungeon (7/15)             Temple (0/1) D:4

Altars:
Elyvilon
Gozag
Makhleb
Ru
Vehumet
Xom
Zin

Shops:
D:1 [

Annotations:
D:3 exclusion: downstairs


Innate Abilities, Weirdness & Mutations

You are a tree.
Your roots penetrate the ground, keeping you stationary.
You cannot be teleported.
You are immune to unholy pain and torment.
Your maximum health is greatly increased.
Your equipment is partially melded.
((You have very sharp teeth.))
Your uncanny sense of smell can sniff out nearby items.
Your experience applies equally to all skills.


Message History

* * * LOW HITPOINT WARNING * * *
Really quaff the potion of lignification?
You turn into a tree.
Your +0 helmet melds into your body.
The +5 ring mail "Fec Ran" {Int+3} melds into your body.
Your roots penetrate the ground.
The orc warrior hits you but does no damage.
Fire: 90 stones
Press: ? - help, Q - select action, (/) - cycle Shift-Dir - straight line, f/p - orc warrior
Aim: an orc warrior, wielding a +0 mace and wearing a +10 plate armour of ponderousness (moderately wounded, 66% to hit)
You shoot a stone.
The stone closely misses the orc warrior.
The orc warrior hits you but does no damage.
Fire: 89 stones
Press: ? - help, Q - select action, (/) - cycle Shift-Dir - straight line, f/p - orc warrior
Aim: an orc warrior, wielding a +0 mace and wearing a +10 plate armour of ponderousness (moderately wounded, 66% to hit)
You shoot a stone.
The stone hits the orc warrior but does no damage.
The orc warrior is moderately wounded.
The orc warrior hits you but does no damage.
Fire: 88 stones
Press: ? - help, Q - select action, (/) - cycle Shift-Dir - straight line, f/p - orc warrior
Aim: an orc warrior, wielding a +0 mace and wearing a +10 plate armour of ponderousness (moderately wounded, 66% to hit)
You shoot a stone.
The stone hits the orc warrior but does no damage.
The orc warrior is moderately wounded.
The orc warrior hits you with a +0 mace!
* * * LOW HITPOINT WARNING * * *
Fire: 87 stones
Press: ? - help, Q - select action, (/) - cycle Shift-Dir - straight line, f/p - orc warrior
Aim: an orc warrior, wielding a +0 mace and wearing a +10 plate armour of ponderousness (moderately wounded, 66% to hit)
You shoot a stone. The stone hits the orc warrior.
The orc warrior is moderately wounded.
Fire: 86 stones
Press: ? - help, Q - select action, (/) - cycle Shift-Dir - straight line, f/p - orc warrior
Aim: an orc warrior, wielding a +0 mace and wearing a +10 plate armour of ponderousness (moderately wounded, 66% to hit)
You shoot a stone.
The stone closely misses the orc warrior.
The orc warrior hits you with a +0 mace!
You die...
Your body crumbles into a pile of gold.

.................#
#..........#
...##.##.#.#####.#
############
##.##.##.#.#####.#
##.##.........##.#
.#......#..##.##.#
.#..###....##.##.#
....# ####.......#
.##.###..........#
......#.##.#####♣#
......# #.# #o#
#.....# ..# #.#
#.....# ##.# #.#
#.....#.##.#####.#
.....>..........(#
....##..##.##.####
..#.##..##.##.#
....##........#


You could see an orc warrior.

Vanquished Creatures
  A steam dragon (D:6)
  An orc warrior (D:6)
  2 necrophages
  A kobold brigand (D:6)
  2 scorpions
  2 bullfrog zombies
  6 hounds
  A gnoll shaman (D:5)
  3 jellies
  4 orc priests
  2 bullfrog skeletons (D:5)
  3 iguanas
  4 gnolls
  3 adders
  A shadow imp (D:6)
  A white imp (D:6)
  3 worms
  3 dart slugs
  6 orcs
  3 endoplasms
  3 hobgoblins
  3 jackals (D:5)
  2 quokkas
  5 ball pythons
  3 bats (D:1)
  A frilled lizard (D:2)
  6 goblins
  8 kobolds
  A quokka skeleton (D:2)
  A rat (D:2)
85 creatures vanquished.

Vanquished Creatures (others)
  A black bear (D:4)
  3 plants (D:3)
4 creatures vanquished.

Grand Total: 89 creatures vanquished

Notes
Turn   | Place    | Note
-------+----------+-------------------------------------------
     0 | D:1      | dolemite99 the Gnoll Hunter began the quest for the Orb.
     0 | D:1      | Reached XP level 1. HP: 20/20 MP: 1/1
   170 | D:1      | Found Demetoph's Armour Boutique.
   282 | D:1      | Reached XP level 2. HP: 26/26 MP: 2/2
   557 | D:2      | Reached XP level 3. HP: 12/31 MP: 3/3
  1024 | D:2      | Reached skill level 1 in Invocations
  1049 | D:2      | Found a faded altar of an unknown god.
  1677 | D:3      | Found an opulent altar of Gozag.
  1683 | D:3      | Reached skill level 1 in Short Blades
  1683 | D:3      | Reached skill level 1 in Long Blades
  1683 | D:3      | Reached skill level 1 in Axes
  1683 | D:3      | Reached skill level 1 in Maces & Flails
  1683 | D:3      | Reached skill level 1 in Polearms
  1683 | D:3      | Reached skill level 1 in Staves
  1683 | D:3      | Reached skill level 1 in Bows
  1683 | D:3      | Reached skill level 1 in Crossbows
  1683 | D:3      | Reached skill level 1 in Throwing
  1683 | D:3      | Reached skill level 1 in Armour
  1683 | D:3      | Reached skill level 1 in Shields
  1683 | D:3      | Reached skill level 1 in Unarmed Combat
  1683 | D:3      | Reached skill level 1 in Spellcasting
  1683 | D:3      | Reached skill level 1 in Evocations
  1704 | D:3      | Became a worshipper of Gozag Ym Sagoz the Greedy
  1757 | D:3      | Reached XP level 4. HP: 38/38 MP: 5/5
  1786 | D:3      | Reached skill level 1 in Conjurations
  1786 | D:3      | Reached skill level 1 in Hexes
  1786 | D:3      | Reached skill level 1 in Summonings
  1786 | D:3      | Reached skill level 1 in Necromancy
  1786 | D:3      | Reached skill level 1 in Translocations
  1786 | D:3      | Reached skill level 1 in Transmutations
  1786 | D:3      | Reached skill level 1 in Fire Magic
  1786 | D:3      | Reached skill level 1 in Ice Magic
  1786 | D:3      | Reached skill level 1 in Air Magic
  1786 | D:3      | Reached skill level 1 in Earth Magic
  1786 | D:3      | Reached skill level 1 in Poison Magic
  2025 | D:3      | Found a white marble altar of Elyvilon.
  2360 | D:4      | Noticed a black bear
  2361 | D:4      | Noticed a necrophage
  2417 | D:4      | Found a burning altar of Makhleb.
  2431 | D:4      | Reached XP level 5. HP: 25/43 MP: 5/7
  2622 | D:4      | Killed a black bear
  2670 | D:4      | Found a sacrificial altar of Ru.
  2946 | D:4      | HP: 1/43 [orc (6)]
  3469 | D:4      | Reached XP level 6. HP: 50/50 MP: 8/8
  3516 | D:4      | Identified the +5 ring mail "Fec Ran" {Int+3}
  3580 | D:4      | Killed a necrophage
  3581 | D:4      | Reached skill level 5 in Fighting
  3581 | D:4      | Reached skill level 5 in Dodging
  3594 | D:5      | Entered Level 5 of the Dungeon
  3680 | D:4      | Found a glowing silver altar of Zin.
  3752 | D:4      | Found a radiant altar of Vehumet.
  3866 | D:4      | Found a staircase to the Ecumenical Temple.
  4906 | D:5      | Reached XP level 7. HP: 53/56 MP: 10/10
  5490 | D:5      | Found a shimmering altar of Xom.
  5517 | D:5      | Reached skill level 9 in Slings
  6093 | D:6      | Noticed a steam dragon
  6120 | D:6      | Killed a steam dragon
  6121 | D:6      | Reached XP level 8. HP: 17/63 MP: 12/12
  7776 | D:6      | Slain by an orc warrior

Illustrated notes

Levels and vault maps discovered:
D:1:      tarquinn_simple_flora_water_b, layout_rooms, serial_shops,
          nicolae_shop_waterfront
D:2:      layout_basic, shapermc_ecumenical_altar_venn, minmay_tree_intersection
D:3:      layout_rooms, elyvilon_altar_3, mainiacjoe_overflow_boulevard,
          serial_forest, infiniplex_forest_lined_room_2,
          infiniplex_forest_lined_1, infiniplex_forest_clump_double,
          infiniplex_forest_lined_room_2, infiniplex_forest_diagonal,
          infiniplex_forest_lined_corner, infiniplex_forest_end_2,
          infiniplex_forest_end_1, infiniplex_forest_clump_cross
D:4:      layout_layer_cave, zin_treasury, nicolae_ru_awakened_eye,
          makhleb_heckhound_becter, lemuel_temple_firewalk_b,
          chequers_arboretum, minmay_liquid_box, minmay_misc_feat_alley,
          minmay_ruined_shrine
D:5:      layout_basic, mainiacjoe_overflow_alcove_4, kennysheep_small_spiral
D:6:      layout_loops_cross
D:7:      layout_layer_cave, uniq_pikel

Skill      XL: |  1  2  3  4  5  6  7  8 |
---------------+-------------------------+-----
Invocations    | 1 2 3 |  3.8
Short Blades   | 1 2 3 |  3.4
Long Blades    | 1 2 3 |  3.4
Axes           | 1 2 3 |  3.4
Maces & Flails | 1 2 3 |  3.4
Polearms       | 1 2 3 |  3.4
Staves         | 1 2 3 |  3.4
Bows           | 1 2 3 |  3.4
Crossbows      | 1 2 3 |  3.4
Throwing       | 1 2 3 |  3.4
Armour         | 1 2 3 |  3.4
Shields        | 1 2 3 |  3.4
Unarmed Combat | 1 2 3 |  3.4
Spellcasting   | 1 2 3 |  3.4
Evocations     | 1 2 3 |  3.4
Conjurations   | 1 2 |  2.8
Hexes          | 1 2 |  2.8
Summonings     | 1 2 |  2.8
Necromancy     | 1 2 |  2.8
Translocations | 1 2 |  2.8
Transmutations | 1 2 |  2.8
Fire Magic     | 1 2 |  2.8
Ice Magic      | 1 2 |  2.8
Air Magic      | 1 2 |  2.8
Earth Magic    | 1 2 |  2.8
Poison Magic   | 1 2 |  2.8
Stealth        | 3 4 |  4.2
Fighting       | 5 |  5.8
Dodging        | 5 |  5.8
Slings         | 9 |  9.2

Action                   |  1- 3 |  4- 6 |  7- 9 || total
-------------------------+-------+-------+-------++-------
Melee: Rapier            |    21 |    25 |    71 ||   117
       Bite              |       |     3 |     5 ||     8
       Punch             |       |       |     1 ||     1
 Fire: Hunting sling     |    72 |   121 |   244 ||   437
Throw: Stone             |    11 |     1 |       ||    12
Invok: Potion Petition   |       |       |     1 ||     1
  Use: Scroll            |       |     1 |    11 ||    12
       Potion            |       |       |     6 ||     6
 Stab: Invisible         |       |       |     2 ||     2
Armor: Leather armour    |     3 |       |       ||     3
       Scale mail        |    12 |    24 |       ||    36
       Ring mail         |       |     7 |    61 ||    68
       Skin              |       |       |     9 ||     9
Dodge: Dodged            |    23 |    34 |   109 ||   166

Table legend: (Time is in decaauts)
 A = Elapsed time spent in this place.
 B = Non-inter-level travel time spent in this place.
 C = Inter-level travel time spent in this place.
 D = Time resting spent in this place.
 E = Time spent auto-exploring this place.
 F = Levels seen in this place.
 G = Mean time per level.
                   A        B        C        D        E       F      G
               +--------+--------+--------+--------+--------+-----+--------+
         Total |   7652 |   7462 |    190 |   2393 |   3903 |   7 | 1093.1 |
       Dungeon |   7652 |   7462 |    190 |   2393 |   3903 |   7 | 1093.1 |
               +--------+--------+--------+--------+--------+-----+--------+

Top non-repeatable levels by time:
     D:4: 2481 daAuts
     D:6: 1686 daAuts
     D:5: 1111 daAuts
     D:2: 1093 daAuts
     D:3: 740 daAuts
     D:1: 513 daAuts
     D:7: 26 daAuts
